 Dungeon Crawl Stone Soup version 0.28.0-62-gf88900778d (webtiles) character file.

Game seed: 10505633591411838901

28 jjjjhere the Magician (level 3, -5/19 HPs)
             Began as a Deep Elf Air Elementalist on June 8, 2023.
             Was an Initiate of Ashenzari.
             Slain by a gnoll
             ... wielding a +0 spear
              (8 damage)
             ... on level 2 of the Dungeon.
             The game lasted 00:02:15 (1410 turns).

jjjjhere the Magician (Deep Elf Air Elementalist)   Turns: 1410, Time: 00:02:15

Health: -5/19      AC:  2    Str:  5    XL:     3   Next: 0%
Magic:  10/10      EV: 12    Int: 21    God:    Ashenzari [......]
Gold:   42         SH:  0    Dex: 15    Spells: 8/9 levels left

rFire   . . .      SeeInvis .   (no weapon)
rCold   . . .      Faith    .   (no shield)
rNeg    . . .      Spirit   .   a - +0 robe
rPois   .          Reflect  .   (no helmet)
rElec   .          Harm     .   (no cloak)
rCorr   .          Rampage  .   (no gloves)
Will    .....                   (no boots)
Stlth   ++........              (no amulet)
HPRegen 0.06/turn               (no ring)
MPRegen 0.12/turn               (no ring)

@: brilliant
A: no striking features
a: Renounce Religion, Curse Item


You were on level 2 of the Dungeon.
You worshipped Ashenzari.
Ashenzari was noncommittal.
You visited 1 branch of the dungeon, and saw 3 of its levels.

You collected 42 gold pieces.

Inventory:

Armour
 a - a +0 robe (worn)
Scrolls
 d - a scroll of identify {unknown}
Potions
 c - a potion of attraction {unknown}


   Skills:
 - Level 2.4 Dodging
 - Level 2.4 Stealth
 + Level 3.7 Spellcasting
 + Level 2.0 Conjurations
 + Level 3.4 Air Magic


You had 8 spell levels left.
You knew the following spells:

 Your Spells              Type           Power      Damage    Failure   Level
a - Shock                 Conj/Air       92%        1d8       4%          1

Your spell library contained the following spells:

 Spells                   Type           Power      Damage    Failure   Level
 Static Discharge         Conj/Air       23%        N/A       6%          2
 Swiftness                Air            27%        N/A       9%          3
 Airstrike                Air            13%        N/A       30%         4


Dungeon Overview and Level Annotations

Branches:
Dungeon (3/15)

Altars:
Ashenzari

Shops:
D:2 (


Message History

Aiming: Shock (safe; 4% risk of failure)
Press: ? - help, Q - select action Shift-Dir - straight line, f/p - adder
Aim: an adder (moderately wounded, 48% to hit)
The zap hits the adder.
The adder is severely wounded.
You feel sick. The adder barely misses you.
Aiming: Shock (safe; 4% risk of failure)
Press: ? - help, Q - select action Shift-Dir - straight line, f/p - adder
Aim: an adder (severely wounded, 48% to hit)
The zap hits the adder.
You kill the adder!
You feel sick.
Your Conjurations skill increases to level 2!
You have reached level 3!
Your experience leads to an increase in your attributes!
Increase (S)trength, (I)ntelligence, or (D)exterity?
You feel clever. x2
You feel sick.
Found a plate armour.
You feel sick.
You feel sick.
There is a stone staircase leading up here.
You start resting.
You feel sick.
You are no longer poisoned.
You start resting.
Magic restored.
You start resting.
You hear the slow rusting of a distant drain.
You climb upwards.
The gnoll shouts! x2
The gnoll hits you with a +0 spear.
* * * LOW HITPOINT WARNING * * *
The gnoll closely misses you. The gnoll barely misses you.
The gnoll closely misses you.
There is a stone staircase leading down, spattered with blood here.
It was a potion of brilliance.
You feel clever all of a sudden. The gnoll barely misses you.
The kobold hits you with a +0 dagger.
* * * LOW HITPOINT WARNING * * *
The gnoll closely misses you. x2; The gnoll hits you with a +0 spear!
You die...

## . #.
####.#########
##....gg......#
......K@g......
...##g#######.#
#


You could see 4 gnolls and a kobold.

Vanquished Creatures
  An adder (D:3)
  An endoplasm (D:2)
  3 goblins
  3 hobgoblins
  4 ball pythons
  4 bats
  A frilled lizard (D:1)
  2 kobolds (D:1)
  A rat (D:1)
20 creatures vanquished.

Notes
Turn   | Place    | Note
-------+----------+-------------------------------------------
     0 | D:1      | jjjjhere the Deep Elf Air Elementalist began the quest for
                  | the Orb.
     0 | D:1      | Reached XP level 1. HP: 10/10 MP: 6/6
   323 | D:1      | Noticed a great orb of eyes
   324 | D:1      | Found a faded altar of an unknown god.
   330 | D:1      | Noticed a great orb of eyes
   334 | D:1      | Noticed a shining eye
   334 | D:1      | Noticed a golden eye
   340 | D:1      | Prayed at the altar of an unknown god.
   340 | D:1      | Became a worshipper of Ashenzari the Shackled
   727 | D:1      | Reached XP level 2. HP: 15/15 MP: 5/8
  1149 | D:2      | Found Guid Ato's Weapon Shop.
  1357 | D:2      | You fall into a shaft and drop 1 floor!
  1365 | D:3      | Reached XP level 3. HP: 10/19 MP: 5/10
  1368 | D:3      | HP: 6/19 [poisoned by an adder]
  1409 | D:2      | HP: 3/19 [gnoll/+0 spear (5)]
  1410 | D:2      | Slain by a gnoll

Illustrated notes

Levels and vault maps discovered:
D:1:      erik_arrival_cave_to_civilisation [erik_arrival_cave_to_temple],
          layout_basic, hellmonk_ecumenical_altar_watching_god,
          solitary_fountain, hangedman_glass_teeth
D:2:      layout_loops_ring, serial_shops, shop, nicolae_shop_statue_plus, shop,
          shop, basic_altar
D:3:      layout_loops_ring, ebering_ghost_rock_garden, portal_sewer_entry_b,
          uniq_grinder

Skill      XL: |  1  2 |
---------------+-------+-----
Conjurations   | 2 |  2.0
Dodging        | |  2.4
Stealth        | |  2.4
Spellcasting   | |  3.7
Air Magic      | |  3.4

Action                   || total
-------------------------++-------
 Cast: Shock             ||    41
  Use: Potion            ||     1
Armor: Robe              ||     3
Dodge: Dodged            ||    17
